 Dungeon Crawl Stone Soup version 0.20.0 (webtiles) character file.

74 BrendanD the Skirmisher (level 4, -1/37 HPs)
             Began as a Demonspawn Abyssal Knight on June 8, 2017.
             Was a Follower of Lugonu.
             Slain by Natasha (3 damage)
             ... on level 3 of the Dungeon.
             The game lasted 00:07:16 (2182 turns).

BrendanD the Skirmisher (Demonspawn Abyssal Knight) Turns: 2182, Time: 00:07:17

Health: -1/37      AC:  5    Str: 13    XL:     4   Next: 9%
Magic:  5/5        EV: 11    Int: 13    God:    Lugonu [*.....]
Gold:   90         SH:  0    Dex: 13    Spells: 3/3 levels left

rFire    + . .     SeeInvis .   a - +1 falchion
rCold    . . .     Gourm    .   (no shield)
rNeg     . . .     Faith    .   f - +1 robe {rF+}
rPois    .         Spirit   .   (no helmet)
rElec    .         Reflect  .   (no cloak)
rCorr    .         Harm     .   (no gloves)
MR       .....                  (no boots)
Stlth    +.........             (no amulet)
Regen    0.2/turn               (no ring)
MPRegen  0.1/turn               (no ring)

@: no status effects
A: hooves 1, yellow scales 1, rot immunity
a: Depart the Abyss, Renounce Religion


You were on level 3 of the Dungeon.
You worshipped Lugonu.
Lugonu was aware of your devotion.
You were not hungry.

You visited 1 branch of the dungeon, and saw 3 of its levels.
You visited the Abyss 1 time.

You collected 90 gold pieces.

Inventory:

Hand Weapons
 a - a +1 falchion (weapon)
Armour
 b - a +0 leather armour
 f - a +1 robe of fire resistance (worn)
Scrolls
 e - 3 scrolls of identify {unknown}
 j - 3 scrolls of remove curse {unknown}
 l - a scroll of fear {unknown}
 m - a scroll of teleportation {unknown}
 n - a scroll of random uselessness {unknown}
 o - a scroll of amnesia {unknown}
 p - a scroll of enchant weapon {unknown}
Potions
 g - 2 potions of heal wounds {unknown}
 i - a potion of berserk rage {unknown}
 q - 3 potions of brilliance {unknown}
Comestibles
 c - a bread ration
 h - 2 chunks of flesh
 k - a royal jelly


   Skills:
 + Level 4.0 Fighting
 + Level 3.1 Long Blades
 - Level 1.7 Armour
 - Level 0.8 Dodging
 - Level 2.4 Invocations


You had 3 spell levels left.
You didn't know any spells.

Dungeon Overview and Level Annotations

Branches:
Dungeon (3/15)

Altars:

Annotations:
D:3 Natasha


Innate Abilities, Weirdness & Mutations

You have large cloven feet.
You are partially covered in yellow scales. (AC +2)
You are immune to rotting.


Message History

You barely miss Natasha.
Natasha stares at you and mumbles some strange words.
You resist with some effort.
You hit Natasha.
Natasha mumbles some strange words.
Natasha glows brightly for a moment.
Natasha misses you.
You barely miss Natasha. Your kick misses Natasha. Natasha misses you.
You riposte.
You hit Natasha. You closely miss Natasha. Natasha barely misses you.
You riposte.
You completely miss Natasha. Your kick misses Natasha. Natasha claws you.
* * * LOW HITPOINT WARNING * * *
You barely miss Natasha. Your kick misses Natasha. Natasha claws you.
* * * LOW HITPOINT WARNING * * *
You closely miss Natasha. You kick Natasha, but do no damage.
Natasha claws you.
* * * LOW HITPOINT WARNING * * *
You closely miss Natasha. Your kick misses Natasha. Natasha barely misses you.
You miss Natasha. Natasha claws you.
You die...

#..........#
#..........#
#..........#
#..........#
#.##.......#
#.##.......#
#.######.#.# #h# #.#.#
..##.#@######.#.#######
...............#.)......
$..##.#.################
...... ###...# ......
....... ........ .......


You could see Natasha.

Vanquished Creatures
  2 adders
  An ufetubus (Abyss:1)
  An ooze (D:3)
  2 dart slugs (D:1)
  An orc (D:3)
  3 giant cockroaches
  5 goblins
  2 hobgoblins
  4 jackals (D:3)
  5 kobolds
  A quokka (D:2)
  A ball python (D:2)
  4 bats
  4 frilled lizards
  6 rats
42 creatures vanquished.

Notes
Turn   | Place    | Note
-------+----------+-------------------------------------------
     0 | Abyss:1  | BrendanD the Demonspawn Abyssal Knight began the quest for the Orb.
     0 | Abyss:1  | Reached XP level 1. HP: 18/18 MP: 2/2
    58 | Abyss:1  | Found a corrupted altar of Lugonu.
   130 | Abyss:1  | Noticed a fire giant zombie
   172 | Abyss:1  | Noticed an iron imp
   179 | Abyss:1  | Noticed a large abomination
   195 | Abyss:1  | Noticed a quasit
   199 | D:1      | Escaped the Abyss
   293 | D:1      | Gained mutation: You are immune to rotting. [demonic ancestry]
   293 | D:1      | Reached XP level 2. HP: 16/24 MP: 3/3
   546 | D:1      | Reached * piety under Lugonu
   995 | D:2      | Gained mutation: You have large cloven feet. [demonic ancestry]
   995 | D:2      | Reached XP level 3. HP: 21/29 MP: 4/4
  1887 | D:3      | Reached skill level 4 in Fighting
  1946 | D:3      | Noticed Natasha
  1994 | D:3      | Gained mutation: You are partially covered in yellow scales. (AC +2) [demonic ancestry]
  1994 | D:3      | Reached XP level 4. HP: 6/37 MP: 5/5
  2182 | D:3      | Slain by Natasha

Skill      XL: |  1  2  3 |
---------------+----------+-----
Long Blades    | 2 3 |  3.1
Fighting       | 4 |  4.0
Armour         | |  1.7
Dodging        | |  0.8
Invocations    | |  2.4

Action                   |  1- 3 |  4- 6 || total
-------------------------+-------+-------++-------
Melee: Falchion          |   142 |     8 ||   150
       Kick              |    16 |     1 ||    17
Invok: Depart the Abyss  |     1 |       ||     1
  Use: Potion            |     2 |       ||     2
 Stab: Sleeping          |     2 |       ||     2
  Eat: Chunk             |     4 |       ||     4
Armor: Robe              |    51 |       ||    51
Dodge: Dodged            |   114 |     4 ||   118
       Rpst.: Falchion   |    37 |     2 ||    39
